 Dungeon Crawl Stone Soup version 0.31-a0-833-gc15d34cb79 (webtiles) character file.

Game seed: 18235996538565595399

7 Leeroy the Slasher (level 2, 22/22 HPs)
             Began as a Merfolk Gladiator on Sept 25, 2023.
             Got out of the dungeon alive.
             The game lasted 00:00:23 (148 turns).

Leeroy the Slasher (Merfolk Gladiator)               Turns: 148, Time: 00:00:24

Health: 22/22      AC:  4    Str: 14    XL:     2   Next: 0%
Magic:  2/2        EV: 13    Int:  7    God:
Gold:   0          SH:  0    Dex: 15    Spells: 1/1 levels left

rFire   . . .        a - +0 long sword
rCold   . . .        (no shield)
rNeg    . . .        b - +0 leather armour
rPois   .            c - +0 helmet
rElec   .            (no cloak)
rCorr   .            (no gloves)
SInv    .            (no boots)
Will    .....        (no amulet)
Stlth   +            (no ring)
HPRegen 0.23/turn    (no ring)
MPRegen 0.08/turn

%: no passive effects
@: no status effects
A: (nimble swimmer 2), mertail
a: no special abilities


You escaped.
You visited 1 branch of the dungeon, and saw 1 of its levels.

Inventory:

Hand Weapons
 a - a +0 long sword (weapon)
Missiles
 d - 3 throwing nets (quivered)
 e - a javelin
Armour
 b - a +0 leather armour (worn)
 c - a +0 helmet (worn)
Scrolls
 f - a scroll of noise {unknown}
Potions
 g - a potion of degeneration {unknown}


   Skills:
 - Level 2.1 Fighting
 + Level 4.2 Long Blades
 - Level 2.0 Throwing
 - Level 4.0 Dodging


You had one spell level left.
You didn't know any spells.
Your spell library contained the following spells:

 Spells                   Type           Power      Damage    Failure   Level
 Sublimation of Blood     Necr           0%         N/A       65%         2
 Petrify                  Tmut/Erth      0%         N/A       99%         4
 Irradiate                Conj/Tmut      0%         3d11      100%        5


Dungeon Overview and Level Annotations

Branches:
Dungeon (1/15)

Altars:


Innate Abilities, Weirdness & Mutations

((You are very nimble when in or above water. (Stealth+, EV+, Speed+++)))
Your lower body shifts to a powerful aquatic tail in water.


Message History

You see here a jackal corpse.
You slash the jackal!
You kill the jackal!
Your Long Blades skill increases to level 4!
You can't go up here!
There is a staircase leading out of the dungeon here.
Your movement speed is average.
Your attack delay is about 1.1.
Your damage rating with your +0 long sword is about 12 (Base 10 x 112% (Dex) x 111% (Skill)).
HP restored.
You pick up a book of Alchemy and begin reading...
You add the spells Sublimation of Blood, Petrify and Irradiate to your library.
Found a leather armour. 2 rats come into view.
Found a fizzy black potion.
There are monsters nearby!
There are monsters nearby!
There are monsters nearby!
There are monsters nearby!
The rat bites you but does no damage.
You barely miss the rat. The rat bites you but does no damage.
You hit the rat.
You kill the rat!
The rat bites you but does no damage.
You barely miss the rat. The rat bites you but does no damage.
You hit the rat.
You kill the rat!
No target in view!
No target in view!
No target in view!
No target in view!
g - a fizzy black potion A rat comes into view.
A rat is nearby!
You closely miss the rat. The rat closely misses you. The rat misses you.
You slash the rat!
You kill the rat!
You have reached level 2!
There is a staircase leading out of the dungeon here.
Alright, then stay!
You have escaped!

#.........###..#
##.....†.## ##.#
#......†# #.####.#
##.......## ##......#
###.........###...#####
.................##
.................#
.................#######
.......@...............#
..................####.#
............)....## #.#
.................## #.#
###.........###...####.#
##.......## ##^.......
#.......# #.#......
#.......# ##...#.... ..
#.........


There were no monsters in sight!

Vanquished Creatures
  An endoplasm (D:1)
  2 jackals (D:1)
  A frilled lizard (D:1)
  3 rats (D:1)
7 creatures vanquished.

Notes
Turn   | Place    | Note
-------+----------+-------------------------------------------
     0 | D:1      | Leeroy the Merfolk Gladiator began the quest for the Orb.
     0 | D:1      | Reached XP level 1. HP: 16/16 MP: 1/1
   129 | D:1      | Reached XP level 2. HP: 22/22 MP: 2/2
   148 | D:$      | Got out of the dungeon alive.

Illustrated notes

Levels and vault maps discovered:
D:1:      minmay_arrival_four_circles, layout_loops_ring, minmay_pentomino_o2

Skill      XL: |  1 |
---------------+----+-----
Long Blades    | 4 |  4.2
Fighting       | |  2.1
Throwing       | |  2.0
Dodging        | |  4.0

Action                     || total
---------------------------++-------
  Melee: Long sword        ||    20
         Punch             ||     1
 Armour: Leather armour    ||    23
  Dodge: Dodged            ||    35

Table legend: (Time is in decaauts)
 A = Elapsed time spent in this place.
 B = Non-inter-level travel time spent in this place.
 C = Inter-level travel time spent in this place.
 D = Time resting spent in this place.
 E = Time spent auto-exploring this place.
 F = Levels seen in this place.
 G = Mean time per level.
                   A        B        C        D        E       F      G
               +--------+--------+--------+--------+--------+-----+--------+
         Total |    152 |    134 |     18 |      0 |     80 |   1 |  152.0 |
       Dungeon |    152 |    134 |     18 |      0 |     80 |   1 |  152.0 |
               +--------+--------+--------+--------+--------+-----+--------+

Top non-repeatable levels by time:
     D:1: 152 daAuts
